 Dungeon Crawl Stone Soup version 0.27.1-33-g824d729ab1 (webtiles) character file.

Game seed: 12667254785701751652

33 alasdair19 the Ducker (level 3, -1/36 HPs)
             Began as a Troll Fighter on Nov 27, 2021.
             Killed by divine providence
             ... invoked by an orc priest
              (8 damage)
             ... on level 3 of the Dungeon.
             The game lasted 00:06:29 (939 turns).

alasdair19 the Ducker (Troll Fighter)                Turns: 939, Time: 00:06:31

Health: -1/36      AC:  4    Str: 25    XL:     3   Next: 12%
Magic:  2/2        EV:  8    Int:  4    God:
Gold:   45         SH:  9    Dex:  9    Spells: 2/2 levels left

rFire    . . .     SeeInvis .   a - +0 war axe
rCold    . . .     Faith    .   c - +0 kite shield
rNeg     . . .     Spirit   .   b - +0 robe
rPois    .         Reflect  .   (helmet restricted)
rElec    .         Harm     .   (no cloak)
rCorr    .         Rampage  .   (gloves unavailable)
Will     .....                  (boots unavailable)
Stlth    +.........             (no amulet)
HPRegen  1.12/turn              (no ring)
MPRegen  0.08/turn              (no ring)

@: no status effects
A: large, unfitting armour, claws 3, regeneration 1, shaggy fur 1, tough skin 1
a: no special abilities


You were on level 3 of the Dungeon.
You visited 1 branch of the dungeon, and saw 3 of its levels.

You collected 45 gold pieces.

Inventory:

Hand Weapons
 a - a +0 war axe (weapon)
Armour
 b - a +0 robe (worn)
 c - a +0 kite shield (worn)
 k - a +0 ring mail
Jewellery
 e - a +6 ring of dexterity
Scrolls
 f - a scroll of immolation {unknown}
 g - 3 scrolls of identify {unknown}
 h - a scroll of brand weapon {unknown}
 j - a scroll of amnesia {unknown}
Potions
 d - a potion of might
 i - a potion of curing {unknown}
 l - a potion of mutation {unknown}


   Skills:
 + Level 2.6 Fighting
 + Level 2.0 Axes
 + Level 2.8 Dodging
 + Level 2.7 Shields


You had 2 spell levels left.
You didn't know any spells.
Your spell library was empty.

Dungeon Overview and Level Annotations

Branches:
Dungeon (3/15)

Altars:

Shops:
D:2 ?


Innate Abilities, Weirdness & Mutations

You are too large for most types of armour.
You have claws for hands.
Your natural rate of healing is unusually fast.
You are covered in fur. (AC +1)
You have tough skin. (AC +1)


Message History

Your experience leads to an increase in your attributes!
Increase (S)trength, (I)ntelligence, or (D)exterity?
Uppercase letters only, please.
You feel stronger. x2
The orc priest invokes the aid of Beogh against you.
Beogh smites you! The orc hits you but does no damage.
You barely miss the orc.
The orc is severely wounded.
You hit the orc. You closely miss the orc priest.
The orc priest invokes the aid of Beogh against you.
Beogh smites you! The orc hits you with a +0 dagger.
* * * LOW HITPOINT WARNING * * *
The orc barely misses you. The orc priest completely misses you.
The orc hits you but does no damage. The orc closely misses you.
You slash the orc!
You kill the orc!
You barely miss the orc priest. You hit the orc but do no damage.
The orc priest hits you with a +0 dagger.
* * * LOW HITPOINT WARNING * * *
The orc closely misses you. The orc barely misses you.
Things that are here:
a +0 dagger; an orc corpse You hit the orc priest.
The orc priest is lightly wounded.
You barely miss the orc.
The orc priest hits you with a +0 dagger.
You block the orc's attack.
The orc priest invokes the aid of Beogh against you.
Pain shoots through your body!
* * * LOW HITPOINT WARNING * * *
The orc closely misses you.
You closely miss the orc priest.
The orc priest is lightly wounded.
You barely miss the orc. You block the orc priest's attack.
The orc hits you with a +0 short sword.
* * * LOW HITPOINT WARNING * * *
The orc priest invokes the aid of Beogh against you.
Beogh smites you!
You die...

# ###### #.##
###.#.).o#....#.
#..>...o@.......
#.#.#.####.####.
# #. .# . # .#
#. .


You could see an orc priest and an orc.

Vanquished Creatures
  An adder (D:2)
  A dart slug (D:1)
  3 orcs (D:3)
  An endoplasm (D:2)
  2 goblins
  A hobgoblin (D:1)
  A quokka (D:1)
  2 ball pythons (D:1)
  3 bats (D:1)
  3 frilled lizards
  2 kobolds (D:2)
20 creatures vanquished.

Vanquished Creatures (others)
  8 plants (D:1)
8 creatures vanquished.

Grand Total: 28 creatures vanquished

Notes
Turn   | Place    | Note
-------+----------+-------------------------------------------
     0 | D:1      | alasdair19 the Troll Fighter began the quest for the Orb.
     0 | D:1      | Reached XP level 1. HP: 22/22 MP: 0/0
   156 | D:1      | Reached XP level 2. HP: 29/29 MP: 1/1
   196 | D:1      | Found a faded altar of an unknown god.
   646 | D:2      | Found Okluhycw's Magic Scroll Shoppe.
   934 | D:3      | Reached XP level 3. HP: 35/36 MP: 2/2
   939 | D:3      | Killed from afar by an orc priest

Illustrated notes

Levels and vault maps discovered:
D:1:      dpeg_arrival_arbitrary_a, layout_loops_ring,
          dilly_ecumenical_altar_fadedgnrine
D:2:      layout_loops_cross, serial_shops, shop
D:3:      layout_basic, serial_bayou, serial_bayou_pond_d, serial_bayou_ford_a,
          serial_bayou_lagoon_a, serial_bayou_pond_a

Skill      XL: |  1  2 |
---------------+-------+-----
Axes           | 2 |  2.0
Fighting       | |  2.6
Dodging        | |  2.8
Shields        | |  2.7

Action                   || total
-------------------------++-------
Melee: War axe           ||    55
Armor: Robe              ||    24
Dodge: Dodged            ||    21
Block: Kite shield       ||    29
